 Dungeon Crawl Stone Soup version 0.30.0-15-g856e2d3f33 (webtiles) character file.

Game seed: 4273099673721824764

79 qw the Chopper (level 4, -1/28 HPs)
             Began as a Gargoyle Fighter on May 18, 2023.
             Slain by Grinder (3 damage)
             ... on level 3 of the Dungeon.
             The game lasted 00:00:50 (2074 turns).

qw the Chopper (Gargoyle Fighter)                   Turns: 2074, Time: 00:00:51

Health: -1/28      AC: 17    Str: 22    XL:     4   Next: 38%
Magic:  4/4        EV:  6    Int:  8    God:
Gold:   151        SH:  4    Dex:  9    Spells: 3/3 levels left

rFire   + . .        Y - +0 war axe
rCold   . . .        c - +0 buckler
rNeg    + . .        f - +0 plate armour
rPois   inf          (no helmet)
rElec   +            i - +0 cloak
rCorr   .            (no gloves)
SInv    .            b - +0 pair of boots
Will    .....        (no amulet) Stlth
                     h - ring of protection from fire
HPRegen 0.24/turn    (no ring)
MPRegen 0.09/turn

%: no passive effects
@: about to teleport
A: sickness immunity, AC +3, negative energy resistance 1, electricity
resistance, torment resistance 1, petrification resistance
a: no special abilities


You were on level 3 of the Dungeon.
You visited 1 branch of the dungeon, and saw 3 of its levels.

You collected 151 gold pieces.


Innate Abilities, Weirdness & Mutations

You are immune to sickness and miasma.
Your stone body is resilient. (AC +3)
You are immune to poison.
You resist negative energy. (rN+)
You are resistant to electric shocks. (rElec)
You are resistant to unholy torment.
You are immune to petrification.


   Skills:
 - Level 3.2 Fighting
 + Level 3.8 Axes
 - Level 1.0 Throwing
 - Level 3.2 Armour
 - Level 3.2 Shields


You had 3 spell levels left.
You didn't know any spells.
Your spell library was empty.

Inventory:

Hand Weapons
 e - a +0 club
 Y - a +0 war axe (weapon)
Missiles
 j - 5 javelins (quivered)
Armour
 b - a +0 pair of boots (worn)
 c - a +0 buckler (worn)
 f - a +0 plate armour (worn)
 i - a +0 cloak (worn)
 p - a +0 helmet
Jewellery
 h - a ring of protection from fire (left hand)
 k - a +5 ring of evasion
Scrolls
 m - 3 scrolls of identify
 o - a scroll of teleportation
Potions
 a - a potion of mutation {unknown}
 d - a potion of might
 g - a potion of attraction {unknown}
 l - 3 potions of curing {unknown}
 n - a potion of flight {unknown}

Dungeon Overview and Level Annotations

Branches:
Dungeon (3/15)

Altars:
Qazlal
The Shining One

Annotations:
D:3 Grinder


Message History

You see here 2 scrolls of poison.
Found a stone staircase leading down.
You see here a +3 ring mail.
Found a short sword.
You see here a +0 short sword.
Found a stone staircase leading up.
Enter note:
Enter note: A rat comes into view.
You throw a javelin. The javelin barely misses the rat.
You throw a javelin. The javelin pierces through the rat.
You kill the rat!
j - 5 javelins (gained 2) Grinder comes into view.
Grinder shouts!
Grinder drinks a potion.
Grinder seems to speed up.
You block Grinder's attack.
You closely miss Grinder. You block Grinder's attack.
Grinder hits you but does no damage.
You closely miss Grinder. Grinder hits you.
You writhe in agony.
Grinder hits you.
You closely miss Grinder. Grinder hits you.
You writhe in agony.
Grinder hits you but does no damage.
You closely miss Grinder. Grinder hits you.
You writhe in agony.
You block Grinder's attack.
You closely miss Grinder. Grinder gestures at you.
You suddenly lose the ability to move!
Grinder hits you.
You writhe in agony.
Grinder hits you but does no damage. Grinder gestures at you.
You shrug off the repeated paralysis!
Grinder hits you but does no damage.
You can move again.
2073 ||| READING 2 scrolls of teleportation.
As you read the scroll of teleportation, it crumbles to dust.
You feel strangely unstable. Grinder hits you but does no damage.
You hit Grinder.
Grinder is lightly wounded.
Grinder hits you but does no damage. Grinder hits you.
You writhe in agony.
You die...

##### ...# # ###.### ###
#.#.....####.....
###...#.#..@5..#
........#####..#
#...........# .#
#.#.........# #
#.#.######..# .#
#.#.######..####.# #
#.#............#.# .#
#.#..#####...#.#.# ##.#.
#.#........#.#.#.##.....


You could see Grinder (fast).

Vanquished Creatures
  2 adders
  2 worms
  2 dart slugs
  A ball python (D:2)
  6 bats
  6 endoplasms
  3 giant cockroaches
  4 hobgoblins
  4 jackals (D:2)
  5 kobolds
  A quokka (D:1)
  3 frilled lizards
  6 goblins
  2 rats
47 creatures vanquished.

Notes
Turn   | Place    | Note
-------+----------+-------------------------------------------
     0 | D:1      | qw the Gargoyle Fighter began the quest for the Orb.
     0 | D:1      | Reached XP level 1. HP: 14/14 MP: 1/1
     0 | D:1      | 0 ||| qw: Version: 0.2-a-96-gf055678
     0 | D:1      | 0 ||| qw: Game counter: 82
     0 | D:1      | 0 ||| qw: Always use a shield: true
     0 | D:1      | 0 ||| qw: God list: Okawaru
     0 | D:1      | 0 ||| qw: Allow faded altars: false
     0 | D:1      | 0 ||| qw: Do Orc after D:15 true
     0 | D:1      | 0 ||| qw: Do second Lair branch before Depths: true
     0 | D:1      | 0 ||| qw: Lair rune preference: random
     0 | D:1      | 0 ||| qw: Plans: Normal, Zot:1-4, God:TSO, Crypt, Tomb,
                  | Pan, Slime:5, Hells, Abyss, Win
     0 | D:1      | 0 ||| PLANNING D:1-11
   199 | D:1      | 199 ||| Stepping ~*~*~tactically~*~*~ (hiding).
   206 | D:1      | Reached XP level 2. HP: 19/19 MP: 2/2
   375 | D:1      | 375 ||| Stepping ~*~*~tactically~*~*~ (stealth).
   378 | D:1      | 378 ||| Stepping ~*~*~tactically~*~*~ (stealth).
   379 | D:1      | 379 ||| Stepping ~*~*~tactically~*~*~ (stealth).
   441 | D:1      | 441 ||| Stepping ~*~*~tactically~*~*~ (hiding).
   568 | D:1      | Reached skill level 3 in Axes
   720 | D:1      | 720 ||| UPGRADING to +0 plate armour.
   730 | D:1      | 730 ||| DROPPING +0 scale mail.
   731 | D:1      | 731 ||| UPGRADING to +0 cloak.
   736 | D:1      | 736 ||| UPGRADING to ring of protection from fire.
   737 | D:1      | 737 ||| READING 3 scrolls labelled TUCREKHL YKAI.
   738 | D:1      | 738 ||| READING scroll labelled DITOAM QOVIONY.
   741 | D:1      | 741 ||| READING scroll labelled PODALOILYJ.
   742 | D:1      | 742 ||| DROPPING 2 scrolls of poison.
   767 | D:2      | 767 ||| Stepping ~*~*~tactically~*~*~ (hiding).
   775 | D:2      | Reached XP level 3. HP: 21/23 MP: 3/3
   987 | D:2      | Reached skill level 1 in Throwing
  1282 | D:2      | Found a glowing golden altar of the Shining One.
  1355 | D:2      | Reached XP level 4. HP: 28/28 MP: 4/4
  1666 | D:2      | 1666 ||| UPGRADING to +0 pair of boots.
  1671 | D:2      | 1671 ||| READING scroll labelled LOHEXKESTA.
  1672 | D:2      | 1672 ||| READING scroll labelled ALOG MIZI ZEIL.
  1800 | D:3      | Identified the +1 ring mail of Diec {MP+9}
  1865 | D:3      | Found a stormy altar of Qazlal.
  2063 | D:3      | Noticed Grinder
  2070 | D:3      | Paralysed by Grinder for 3 turns
  2070 | D:3      | HP: 6/28 [Grinder (2)]
  2073 | D:3      | 2073 ||| READING 2 scrolls of teleportation.
  2074 | D:3      | HP: 2/28 [Grinder (5)]
  2074 | D:3      | Slain by Grinder

Levels and vault maps discovered:
D:1:      wander_arrival_estate, layout_loops_cross
D:2:      layout_loops_corners, basic_altar, kennysheep_doodads,
          minmay_misc_feat_alley
D:3:      layout_basic, mainiacjoe_overflow_small_starburst, uniq_grinder

Skill      XL: |  1  2  3 |
---------------+----------+-----
Axes           | 2 3 |  3.8
Throwing       | 1 |  1.0
Fighting       | |  3.2
Armour         | |  3.2
Shields        | |  3.2

Action                     |  1- 3 |  4- 6 || total
---------------------------+-------+-------++-------
  Melee: War axe           |    97 |    18 ||   115
  Throw: Javelin           |    32 |    10 ||    42
    Use: Scroll            |     3 |     3 ||     6
 Armour: Scale mail        |    22 |       ||    22
         Plate armour      |    36 |    14 ||    50
  Dodge: Dodged            |    29 |     8 ||    37
  Block: Buckler           |    20 |     5 ||    25

Table legend:
 A = Non-vault XP
 B = Vault XP
 C = Vault XP percentage of total XP
 D = Non-vault monster count
 E = Vault monster count
 F = Vault count percentage of total count
                 A         B        C        D         E       F
            +---------+---------+-------+---------+---------+-------
      Total |     114 |       0 |   0.0 |      47 |       0 |   0.0
            +---------+---------+-------+---------+---------+-------
        D:1 |      33 |       0 |   0.0 |      19 |       0 |   0.0
        D:2 |      56 |       0 |   0.0 |      22 |       0 |   0.0
        D:3 |      25 |       0 |   0.0 |       6 |       0 |   0.0
            +---------+---------+-------+---------+---------+-------
